 Dungeon Crawl Stone Soup version 0.28.0-45-g0d030f2227 (webtiles) character file.

Game seed: 7134896428011101373

19 seaoflcl the Covered (level 2, 0/24 HPs)
             Began as a Human Fighter on Apr 25, 2022.
             Slain by a hobgoblin (1 damage)
             ... on level 1 of the Dungeon.
             The game lasted 00:00:32 (357 turns).

seaoflcl the Covered (Human Fighter)                 Turns: 357, Time: 00:00:33

Health: 0/24       AC:  9    Str: 16    XL:     2   Next: 95%
Magic:  2/2        EV:  6    Int:  8    God:
Gold:   9          SH:  4    Dex: 12    Spells: 1/1 levels left

rFire   . . .      SeeInvis .   a - +0 long sword
rCold   . . .      Faith    .   c - +0 buckler
rNeg    . . .      Spirit   .   e - +0 chain mail
rPois   .          Reflect  .   (no helmet)
rElec   .          Harm     .   (no cloak)
rCorr   .          Rampage  .   (no gloves)
Will    .....                   (no boots)
Stlth   ..........              (no amulet)
HPRegen 0.08/turn               (no ring)
MPRegen 0.08/turn               (no ring)

@: mighty
A: no striking features
a: no special abilities


You were on level 1 of the Dungeon.
You visited 1 branch of the dungeon, and saw 1 of its levels.

You collected 9 gold pieces.

Inventory:

Hand Weapons
 a - a +0 long sword (weapon)
Armour
 c - a +0 buckler (worn)
 e - a +0 chain mail (worn)
Scrolls
 b - a scroll of noise {unknown}
 f - a scroll of amnesia {unknown}


   Skills:
 + Level 3.2 Fighting
 + Level 2.3 Long Blades
 + Level 3.2 Armour
 + Level 3.2 Shields


You had one spell level left.
You didn't know any spells.
Your spell library was empty.

Dungeon Overview and Level Annotations

Branches:
Dungeon (1/15)

Altars:


Message History

The endoplasm is almost dead.
The endoplasm freezes you.
You are frozen.
The giant cockroach bites you but does no damage.
The endoplasm hits you but does no damage.
The giant cockroach bites you but does no damage.
There is an open door here.
You block the giant cockroach's attack.
You barely miss the giant cockroach.
The giant cockroach bites you but does no damage.
You closely miss the giant cockroach.
The giant cockroach bites you but does no damage.
The giant cockroach bites you. The endoplasm freezes you.
You are frozen.
You hit the giant cockroach.
You kill the giant cockroach!
The endoplasm freezes you.
You are frozen.
The goblin hits you but does no damage. The endoplasm closely misses you.
You block the hobgoblin's attack.
You see here a giant cockroach corpse.
You hit the goblin but do no damage. The goblin hits you but does no damage.
The endoplasm freezes you.
You are frozen.
* * * LOW HITPOINT WARNING * * *
You block the hobgoblin's attack. The goblin hits you but does no damage.
You barely miss the goblin. The endoplasm freezes you.
You are frozen.
* * * LOW HITPOINT WARNING * * *
The hobgoblin hits you.
* * * LOW HITPOINT WARNING * * *
The goblin hits you but does no damage. You block the endoplasm's attack.
Unknown command.
Unknown command.
Unknown command.
You feel very mighty all of a sudden. The hobgoblin hits you.
You die...

#.......#####
#####(.##.###))..
#......##..#...##
..#######.####[###...###
..........#....#...###
..######.....##..#####
##+######.##..#..##.#.#
#.......#Jg.....##.#.##+##
#.......g@...#.###....#..#
#.......#####..###....#..'
#....#### .###........#
#......)...# ####.....#'##
#...##..g..# ##...#..#.#
..... #.....# #.#...#.#.+
...# #.......
####.....##.# ...
..#####..#.....#..##.# ..
..# (##.#..#...#+##


You could see an endoplasm, a hobgoblin and a goblin.

Vanquished Creatures
  5 giant cockroaches (D:1)
  A goblin (D:1)
  A hobgoblin (D:1)
  3 kobolds (D:1)
  2 quokkas (D:1)
  A bat (D:1)
  A frilled lizard (D:1)
  2 rats (D:1)
16 creatures vanquished.

Notes
Turn   | Place    | Note
-------+----------+-------------------------------------------
     0 | D:1      | seaoflcl the Human Fighter began the quest for the Orb.
     0 | D:1      | Reached XP level 1. HP: 18/18 MP: 1/1
    29 | D:1      | Reached XP level 2. HP: 17/24 MP: 2/2
   356 | D:1      | HP: 1/24 [hobgoblin (3)]
   357 | D:1      | Slain by a hobgoblin

Illustrated notes

Levels and vault maps discovered:
D:1:      arrival_zaba_pyramid, layout_basic

Action                   || total
-------------------------++-------
Melee: Long sword        ||    55
  Use: Potion            ||     1
Armor: Scale mail        ||    18
       Chain mail        ||    29
Dodge: Dodged            ||    33
Block: Buckler           ||    23
